 Dungeon Crawl Stone Soup version 0.29-a0-393-g47a863cc1b (webtiles) character file.

Game seed: 17417228288744618999

438 happo123 the Ruffian (level 6, -10/61 HPs)
             Began as a Troll Berserker on May 9, 2022.
             Was a Priest of Trog.
             Killed from afar by Pikel (27 damage)
             ... with a bolt of acid
             ... on level 4 of the Dungeon.
             The game lasted 00:07:59 (2004 turns).

happo123 the Ruffian (Troll Berserker)              Turns: 2004, Time: 00:08:00

Health: -10/61     AC:  6    Str: 28    XL:     6   Next: 69%
Magic:  5/5        EV: 10    Int:  3    God:    Trog [***...]
Gold:   177        SH:  0    Dex:  9    Spells: 5/5 levels left

rFire   . . .      SeeInvis .     - Unarmed
rCold   . . .      Faith    .   (no shield)
rNeg    . . .      Spirit   .   a - +0 animal skin
rPois   .          Reflect  .   (helmet restricted)
rElec   .          Harm     .   j - +1 cloak
rCorr   .          Rampage  .   (gloves unavailable)
Will    .....                   (boots unavailable)
Stlth   +.........              (no amulet)
HPRegen 1.00/turn               (no ring)
MPRegen 0.09/turn               (no ring)

@: on berserk cooldown
A: large, unfitting armour, claws 3, regeneration 1, shaggy fur 1, tough skin 1
a: Renounce Religion, Berserk, Trog's Hand


You were on level 4 of the Dungeon.
You worshipped Trog.
Trog was most pleased with you.
You visited 1 branch of the dungeon, and saw 4 of its levels.

You collected 177 gold pieces.

Inventory:

Hand Weapons
 i - a +2 quarterstaff of chaos
Armour
 a - a +0 animal skin (worn)
 j - a +1 cloak (worn)
Jewellery
 k - a ring of ice
Wands
 e - a wand of flame (19)
Scrolls
 c - 5 scrolls of identify
 f - 2 scrolls of teleportation
 g - a scroll of magic mapping {unknown}
Potions
 b - a potion of heal wounds {unknown}
 d - a potion of brilliance {unknown}
 h - a potion of degeneration {unknown}


   Skills:
 + Level 3.2 Fighting
 + Level 3.8 Dodging
 + Level 0.5 Stealth
 + Level 6.0 Unarmed Combat


You had 5 spell levels left.
You didn't know any spells.
Your spell library was empty.

Dungeon Overview and Level Annotations

Branches:
Dungeon (4/15)
 Temple: D:4-7

Altars:
Fedhas
Hepliaklqana
Vehumet

Annotations:
D:4 Eustachio, Pikel


Innate Abilities, Weirdness & Mutations

You are too large for most types of armour.
You have claws for hands.
Your natural rate of healing is unusually fast.
You are covered in fur. (AC +1)
You have tough skin. (AC +1)


Message History

You barely miss Eustachio.
You feel yourself speed up. The ufetubus closely misses you.
The ufetubus hits you.
A lemure comes into view.
The lemure hits you! Eustachio hits you with a +0 rapier.
The ufetubus closely misses you.
The ufetubus hits you but does no damage.
A lemure comes into view.
The white imp hits you. The white imp freezes you.
The lemure shouts!
You mangle Eustachio!!
Eustachio is heavily wounded.
The ufetubus barely misses you.
The ufetubus hits you but does no damage.
The lemure barely misses you. Eustachio closely misses you.
The white imp hits you but does no damage.
You completely miss Eustachio.
Eustachio is heavily wounded.
The ufetubus hits you. x2; The lemure hits you.
Eustachio mumbles some strange words.
The ufetubus closely misses you. The ufetubus hits you.
The white imp gestures at you. The puff of frost hits you.
Unknown command.
The river rat barely misses you. The river rat attacks as you move away!
The river rat bites you! The ufetubus attacks as you move away!
The ufetubus barely misses you.
The ufetubus hits you but does no damage.
Eustachio screams, "At last I'll have my revenge!"
The river rat attacks as you move away! The river rat bites you.
* * * LOW HITPOINT WARNING * * *
Found a scroll labelled IXILAIMNUSM.
The ufetubus hits you.
* * * LOW HITPOINT WARNING * * *
The ufetubus misses you.
Pikel zaps a wand.
The bolt of acid hits the ufetubus!!
The ufetubus dies!
The ufetubus disappears in a puff of smoke!
The bolt of acid hits you!!
You die...

#..... .......
##.....?. # .........
#. #............
####.##............
#.....#.#........#
.......@.........##
......#§5.........###.
####. #..............
#r##....(........##
#####..rK5.).†.....#...
#....b@b.)...)<........
......55#............#.
####5..5..##......####
[......#.......[.#


You could see Pikel, a lemure, a river rat (summoned), an ufetubus (summoned)
and a bat (summoned).

Vanquished Creatures
  Duvessa (D:4)
  Dowan (D:4)
  Crazy Yiuf (D:3)
  A hound (D:4)
  An orc priest (D:3)
  Natasha (thrice) (D:3)
  3 gnolls (D:3)
  2 adders
  A dart slug (D:1)
  5 orcs (D:3)
  2 endoplasms (D:1)
  A giant cockroach (D:3)
  8 goblins
  11 hobgoblins
  8 jackals
  7 kobolds
  2 quokkas (D:1)
  A ball python (D:3)
  9 bats
  3 frilled lizards
  6 rats
77 creatures vanquished.

Notes
Turn   | Place    | Note
-------+----------+-------------------------------------------
     0 | D:1      | happo123 the Troll Berserker began the quest for the Orb.
     0 | D:1      | Reached XP level 1. HP: 22/22 MP: 0/0
   108 | D:1      | Reached XP level 2. HP: 29/29 MP: 1/1
   384 | D:1      | Reached XP level 3. HP: 36/36 MP: 2/2
   427 | D:1      | Reached ** piety under Trog
   927 | D:2      | Found a blossoming altar of Fedhas.
  1025 | D:2      | Reached XP level 4. HP: 44/44 MP: 3/3
  1190 | D:3      | Found a radiant altar of Vehumet.
  1192 | D:3      | Noticed Natasha
  1198 | D:3      | Killed Natasha
  1199 | D:3      | Reached skill level 4 in Unarmed Combat
  1248 | D:3      | Identified the +2 rapier of Linearity {vorpal, *Slow rPois
                  | rF+++ SInv}
  1300 | D:3      | Reached *** piety under Trog
  1304 | D:3      | Reached XP level 5. HP: 47/53 MP: 4/4
  1343 | D:3      | Found a hazy altar of Hepliaklqana.
  1360 | D:3      | Noticed Natasha
  1366 | D:3      | Killed Natasha
  1510 | D:3      | Noticed Natasha
  1524 | D:3      | Killed Natasha
  1525 | D:3      | Reached skill level 5 in Unarmed Combat
  1634 | D:3      | Found a runed translucent door.
  1635 | D:3      | Noticed Crazy Yiuf
  1642 | D:3      | Killed Crazy Yiuf
  1957 | D:4      | Noticed Duvessa
  1957 | D:4      | Noticed Dowan
  1964 | D:4      | Killed Duvessa
  1965 | D:4      | Reached XP level 6. HP: 61/61 MP: 5/5
  1979 | D:4      | Killed Dowan
  1980 | D:4      | Reached skill level 6 in Unarmed Combat
  1993 | D:4      | Noticed Eustachio
  1995 | D:4      | Noticed Pikel
  2004 | D:4      | Killed from afar by Pikel

Illustrated notes

Levels and vault maps discovered:
D:1:      dpeg_arrival_morbid_curiosity, layout_basic, minmay_tiny_reverse_x
D:2:      layout_basic, basic_altar, uniq_sigmund
D:3:      layout_loops_ring, vehumet_altar_wand_db,
          worldfamousw_hep_ancestral_shrine, roderic_serpentine_path,
          serial_bayou_pond_d, kennysheep_decorative_pillar,
          hangedman_decor_points, uniq_crazy_yiuf_cottage, uniq_natasha
D:4:      minmay_general_purpose_star, layout_rooms,
          mainiacjoe_overflow_alcove_2, serial_shops, nicolae_shop_behind_doors,
          uniq_pikel, uniq_duvessa, uniq_eustachio, uniq_menkaure

Skill      XL: |  1  2  3  4  5  6 |
---------------+-------------------+-----
Dodging        | 3 |  3.8
Fighting       | 3 |  3.2
Unarmed Combat | 4 5 6 |  6.0
Stealth        | |  0.5

Action                   |  1- 3 |  4- 6 || total
-------------------------+-------+-------++-------
Melee: Unarmed           |   112 |    71 ||   183
       Punch             |     1 |     1 ||     2
Invok: Berserk           |       |     2 ||     2
  Use: Scroll            |       |     1 ||     1
Armor: Animal skin       |    41 |    18 ||    59
Dodge: Dodged            |    88 |    42 ||   130

Table legend: (Time is in decaauts)
 A = Elapsed time spent in this place.
 B = Non-inter-level travel time spent in this place.
 C = Inter-level travel time spent in this place.
 D = Time resting spent in this place.
 E = Time spent auto-exploring this place.
 F = Levels seen in this place.
 G = Mean time per level.
                   A        B        C        D        E       F      G
               +--------+--------+--------+--------+--------+-----+--------+
         Total |   2000 |   1808 |    192 |      0 |   1383 |   4 |  500.0 |
       Dungeon |   2000 |   1808 |    192 |      0 |   1383 |   4 |  500.0 |
               +--------+--------+--------+--------+--------+-----+--------+

Top non-repeatable levels by time:
     D:3: 843 daAuts
     D:1: 692 daAuts
     D:2: 417 daAuts
     D:4: 47 daAuts
